 Dungeon Crawl Stone Soup version 0.28.0-47-ge53b351184 (webtiles) character file.

Game seed: 719323395990510348

7 101zpm the Magician (level 2, 0/21 HPs)
             Began as a Djinni Fire Elementalist on Apr 28, 2022.
             Slain by an orc
             ... wielding a +0 dagger
              (2 damage)
             ... on level 2 of the Dungeon.
             The game lasted 00:00:50 (133 turns).

101zpm the Magician (Djinni Fire Elementalist)       Turns: 133, Time: 00:00:51

Health: 0/21       AC:  2    Str:  7    XL:     2   Next: 10%
Gold:   27         EV: 12    Int: 16    God:
                   SH:  0    Dex: 13

rFire   + + .      SeeInvis .   (no weapon)
rCold   x . .      Faith    .   (no shield)
rNeg    . . .      Spirit   .   a - +0 robe
rPois   ∞          Reflect  .   (no helmet)
rElec   .          Harm     .   (no cloak)
rCorr   .          Rampage  .   (no gloves)
Will    .....                   (boots unavailable)
Stlth   ++........              (no amulet)
HPRegen 0.07/turn               (no ring)
MPRegen 0.00/turn               (no ring)

@: flying, very slightly contaminated
A: sickness immunity, fire resistance 2, cold vulnerability 1, float, innate
caster, HP casting, extra vitality 1
a: no special abilities


You were on level 2 of the Dungeon.
You visited 1 branch of the dungeon, and saw 2 of its levels.

You collected 27 gold pieces.

Inventory:

Armour
 a - a +0 robe (worn)


   Skills:
 + Level 2.3 Dodging
 + Level 1.6 Stealth
 + Level 2.7 Spellcasting


You couldn't memorise any spells.
You knew the following spells:

 Your Spells              Type           Power      Damage    Failure   Level
a - Foxfire               Conj/Fire      44%        2x1d6     6%          1
b - Scorch                Fire           22%        2d6       10%         2
c - Conjure Flame         Conj/Fire      11%        6-21      19%         3
d - Inner Flame           Hex/Fire       11%        N/A       19%         3
e - Flame Wave            Conj/Fire      11%        2d5       52%         4
Your spell library was empty.

Dungeon Overview and Level Annotations

Branches:
Dungeon (2/15)

Altars:
Dithmenos


Innate Abilities, Weirdness & Mutations

You are immune to sickness and miasma.
You are immune to poison.
Your flesh is very heat resistant. (rF++)
You are vulnerable to cold. (rC-)
You float through the air rather than walking.
You learn spells naturally, not from books.
Your magical power is your life essence.
You have superior vitality. (+4 MHP)


Message History

You kill the ball python!
You are too injured to fight recklessly!
The foxfire hits the orc.
The orc is heavily wounded.
The foxfire hits the orc.
The orc is heavily wounded.
You are too injured to fight recklessly!
Casting: Foxfire (safe; 7% risk of failure)
Press: ? - help, Q - select action, (/) - cycle Dir - look around, f - activate You miscast Foxfire.
You are very lightly contaminated with residual magic.
Nothing appears to happen.
The orc hits you with a +0 club.
Casting: Foxfire (safe; 7% risk of failure)
Press: ? - help, Q - select action, (/) - cycle Dir - look around, f - activate You conjure some foxfire!
* * * LOW HITPOINT WARNING * * *
The orc barely misses you.
Unknown command.
Casting: Foxfire (safe; 7% risk of failure)
Press: ? - help, Q - select action, (/) - cycle Dir - look around, f - activate You conjure some foxfire!
* * * LOW HITPOINT WARNING * * *
The foxfire hits the orc.
The orc is almost dead.
The foxfire hits the orc.
You kill the orc!
The orc hits you with a +0 dagger.
* * * LOW HITPOINT WARNING * * *
You have reached level 2!
Casting: Foxfire (safe; 6% risk of failure)
Press: ? - help, Q - select action, (/) - cycle Dir - look around, f - activate You conjure some foxfire!
* * * LOW HITPOINT WARNING * * *
The foxfire hits the orc.
The orc is severely wounded.
The foxfire hits the orc.
The orc is severely wounded.
The orc hits you with a +0 dagger.
You die...

#.# #.# ######.#### ##+#
#.........# ##...##
#.##.#.##.#
#.....###.##.#....# .#
.......##.##...#..# #.#..
........#.#....v.o####......
........'......§@o)..$......
........#......§.v###..._...
......<####.#.##### #......
#.....## #.### .....#
##...### #.# #..## #.....#
#<# ...# #..##.# #.# ..#
#..##.# .# .# #######


You could see 2 orcs.

Vanquished Creatures
  2 orcs (D:2)
  2 quokkas (D:2)
  A ball python (D:2)
5 creatures vanquished.

Vanquished Creatures (others)
  19 foxfires (D:2)
19 creatures vanquished.

Grand Total: 24 creatures vanquished

Notes
Turn   | Place    | Note
-------+----------+-------------------------------------------
     0 | D:1      | 101zpm the Djinni Fire Elementalist began the quest for the
                  | Orb.
     0 | D:1      | Reached XP level 1. HP: 15/15 MP: 0/0
   110 | D:2      | Found a shadowy altar of Dithmenos.
   133 | D:2      | Reached XP level 2. HP: 3/21 MP: 0/0
   133 | D:2      | Slain by an orc

Illustrated notes

Levels and vault maps discovered:
D:1:      wander_arrival_peaceful_grave, layout_loops_ring,
          ebering_ecumenical_altar_box, minmay_crystal_room
D:2:      layout_loops_corners, basic_altar, uniq_crazy_yiuf_cottage,
          uniq_jessica

Action                   || total
-------------------------++-------
 Cast: Foxfire           ||    13
Dodge: Dodged            ||     8
